 Dungeon Crawl Stone Soup version 0.30-a0-122-g2a1322497e (webtiles) character file.

Game seed: 5019070637688035431

14853 Flugkiller the Zephyrmancer (level 11, -6/77 HPs)
             Began as a Mummy Air Elementalist on Sept 16, 2022.
             Was a Believer of Uskayaw.
             Mangled by a cane toad (7 damage)
             ... on level 1 of the Lair of Beasts.
             The game lasted 00:22:07 (16796 turns).

Flugkiller the Zephyrmancer (MuAE)                 Turns: 16796, Time: 00:22:08

Health: -6/77      AC:  7    Str: 11    XL:     11   Next: 94%
Magic:  17/24      EV: 13    Int: 18    God:    Uskayaw [**....]
Gold:   639        SH:  0    Dex: 14    Spells: 15/29 levels left

rFire   x . .      SeeInvis .    C - +8 broad axe (spect)
rCold   + . .      Faith    +    (no shield)
rNeg    + + +      Spirit   .    i - +2 robe {Archmagi}
rPois   ∞          Reflect  .    F - +0 helmet of Benevolence {Regen+}
rElec   .          Harm     .    s - +0 cloak
rCorr   +          Rampage  .    a - +0 pair of gloves
Will    +....      Archmagi +    (no boots)
Stlth   ++........               (no amulet)
HPRegen 1.02/turn                d - ring of flight
MPRegen 0.19/turn                l - ring of resist corrosion

@: flying
A: cold resistance 1, negative energy resistance 3, torment resistance 2, heat
vulnerability 1, in touch with death 1, no potions, faith
a: Renounce Religion, Stomp, Line Pass


You were on level 1 of the Lair of Beasts.
You worshipped Uskayaw.
Uskayaw was noncommittal.
You visited 3 branches of the dungeon, and saw 13 of its levels.
You also visited: Bailey.

You collected 639 gold pieces.

Inventory:

Hand Weapons
 o - the +9 trident of Visoutos {freeze, rPois rCorr}
   (You found it on level 7 of the Dungeon)

   It freezes those it strikes, dealing additional cold damage.
   It can also slow down cold-blooded creatures.
   rPois:     It protects you from poison.
   rCorr:     It protects you from acid and corrosion.
 C - a +8 spectral broad axe (weapon)
   (You took it off an orc warlord in a bailey)
Missiles
 k - 3 throwing nets
 D - 2 curare-tipped darts
Armour
 a - a +0 pair of gloves (worn)
   (You found it on level 5 of the Dungeon)
 i - a +2 robe of the Archmagi (worn)
   (You took it off Blork the orc on level 5 of the Dungeon)
 s - a +0 cloak (worn)
   (You found it on level 8 of the Dungeon)
 w - the +1 robe of Going Fast {rPois rF++ Int-5 SInv}
   (You found it on level 1 of the Lair of Beasts)

   Int:       It affects your intelligence (-5).
   rF:        It greatly protects you from fire.
   rPois:     It protects you from poison.
   SInv:      It lets you see invisible.
 F - the +0 helmet of Benevolence (worn) {Regen+}
   (You found it on level 10 of the Dungeon)

   Regen:     It increases your rate of health regeneration.
 H - a +1 robe of resistance
   (You took it off Erica on level 11 of the Dungeon)
Magical Staves
 f - a staff of cold
   (You found it on level 3 of the Dungeon)
Jewellery
 d - a ring of flight (left hand)
   (You found it on level 1 of the Dungeon)
 l - a ring of resist corrosion (right hand)
   (You found it on level 1 of the Lair of Beasts)
Wands
 c - a wand of polymorph (10)
   (You found it on level 6 of the Dungeon)
 e - a wand of quicksilver (7)
   (You found it on level 1 of the Lair of Beasts)
 j - a wand of flame (24)
   (You took it off a kobold on level 6 of the Dungeon)
 n - a wand of mindburst (5)
   (You took it off Joseph on level 7 of the Dungeon)
 p - a wand of digging (8)
   (You found it on level 7 of the Dungeon)
Scrolls
 b - a scroll of silence
 g - 2 scrolls of immolation
 h - 2 scrolls of vulnerability
 m - a scroll of amnesia
 q - a scroll of enchant armour
 t - 6 scrolls of teleportation
 u - a scroll of magic mapping
 v - a scroll of summoning
 y - a scroll of torment
 z - 2 scrolls of blinking
 A - 2 scrolls of butterflies
 B - a scroll of fear
 G - a scroll of poison


   Skills:
 - Level 4.0 Fighting
 - Level 1.1 Axes
 + Level 4.6 Dodging
 - Level 1.5 Stealth
 + Level 9.5 Spellcasting
 - Level 3.0 Conjurations
 * Level 6.2 Summonings
 + Level 4.2 Ice Magic
 - Level 10.5 Air Magic
 + Level 4.6 Evocations


You had 15 spell levels left.
You knew the following spells:

 Your Spells              Type           Power      Damage    Failure   Level
a - Shock                 Conj/Air       100%       1d9       1%          1
b - Static Discharge      Conj/Air       98%        3-10/arc  1%          2
c - Airstrike             Air            31%        2d(5-21)  1%          4
d - Summon Ice Beast      Ice/Summ       41%        N/A       10%         4
w - Swiftness             Air            63%        N/A       1%          3

Your spell library contained the following spells:

 Spells                   Type           Power      Damage    Failure   Level
 Summon Small Mammal      Summ           100%       N/A       1%          1
 Call Canine Familiar     Summ           46%        N/A       1%          3
 Summon Guardian Golem    Hex/Summ       29%        N/A       7%          3
 Dazzling Flash           Conj/Hex       40%        N/A       14%         3
 Silence                  Hex/Air        20%        N/A       26%         5
 Summon Forest            Summ/Tloc      14%        N/A       54%         5
 Summon Mana Viper        Hex/Summ       29%        N/A       54%         5
 Summon Cactus Giant      Summ           23%        N/A       69%         6
 Agony                    Necr           19%        N/A       93%         5
 Monstrous Menagerie      Summ           23%        N/A       99%         7


Dungeon Overview and Level Annotations

Branches:
Dungeon (11/15) Zot: 25213  Temple (1/1) D:5 Zot: 5824    Lair (1/5) D:11 Zot: 5274
    Orc (0/2) D:9          Bailey (visited)

Altars:
Ashenzari
Cheibriados
Dithmenos
Fedhas
Gozag
Hepliaklqana
Kikubaaqudgha
Makhleb
Nemelex Xobeh
Okawaru
Qazlal
Ru
Sif Muna
Trog
Uskayaw
Vehumet
Wu Jian
Xom
Yredelemnul

Shops:
D:7 !

Annotations:
D:11 2 transporters, kagamino's ghost, journeyman HOFi
Lair:1 exclusion: 2 oklob plants


Innate Abilities, Weirdness & Mutations

You are immune to poison.
Your flesh is cold resistant. (rC+)
You are immune to negative energy. (rN+++)
You are immune to unholy pain and torment.
You are vulnerable to heat. (rF-)
You are in touch with the powers of death.
You do not drink.
You have a special connection with the divine. (Faith)


Message History

Confirm with . or Enter, or press ? or * to list all spells.
Aiming: Airstrike (dangerous; 1% risk of failure)
Press: ? - help, Dir - move target, f/p - electric eel
Aim: an electric eel (severely wounded, paralysed, empty space bonus: 8/8)
You feel a surge of power!
The air twists around and strikes the electric eel!!
You kill the electric eel!
You hear a splash.
You start resting.
HP restored.
You start resting.
A cane toad comes into view.
A cane toad is nearby!
A cane toad is nearby!
Casting: Airstrike (dangerous; 1% risk of failure)
Confirm with . or Enter, or press ? or * to list all spells.
You can't see any susceptible monsters within range! (Use Z to cast anyway.)
You start resting.
Magic restored.
A komodo dragon comes into view.
The komodo dragon hisses angrily.
A komodo dragon is nearby!
A komodo dragon is nearby!
Casting: Airstrike (dangerous; 1% risk of failure)
Confirm with . or Enter, or press ? or * to list all spells.
Aiming: Airstrike (dangerous; 1% risk of failure)
Press: ? - help, Dir - move target, f - komodo dragon
Aim: a komodo dragon (empty space bonus: 8/8)
You feel a surge of power!
The air twists around and strikes the komodo dragon!
The komodo dragon is moderately wounded.
Casting: Airstrike (dangerous; 1% risk of failure)
Confirm with . or Enter, or press ? or * to list all spells.
Aiming: Airstrike (dangerous; 1% risk of failure)
Press: ? - help, Dir - move target, f/p - komodo dragon
Aim: a komodo dragon (moderately wounded, empty space bonus: 8/8)
You feel a surge of power!
The air twists around and strikes the komodo dragon!!
The komodo dragon is severely wounded.
You can now pass through a line of other dancers.
Casting: Airstrike (dangerous; 1% risk of failure)
Confirm with . or Enter, or press ? or * to list all spells.
Aiming: Airstrike (dangerous; 1% risk of failure)
Press: ? - help, Dir - move target, f/p - komodo dragon
Aim: a komodo dragon (severely wounded, empty space bonus: 8/8)
You feel a surge of power!
The air twists around and strikes the komodo dragon!
The komodo dragon is almost dead.
Casting: Airstrike (dangerous; 1% risk of failure)
Confirm with . or Enter, or press ? or * to list all spells.
Aiming: Airstrike (dangerous; 1% risk of failure)
Press: ? - help, Dir - move target, f/p - komodo dragon
Aim: a komodo dragon (almost dead, empty space bonus: 7/8)
You feel a surge of power!
The air twists around and strikes the komodo dragon!
You kill the komodo dragon! 2 oklob plants come into view.
Found 8 gold pieces and a scroll of magic mapping.
Marking area around 2 oklob plants as unsafe for travelling.
You start resting.
Magic restored.
A bullfrog comes into view.
The bullfrog gives a loud, deep croak!
A bullfrog is nearby!
A bullfrog is nearby!
Casting: Airstrike (dangerous; 1% risk of failure)
Confirm with . or Enter, or press ? or * to list all spells.
Aiming: Airstrike (dangerous; 1% risk of failure)
Press: ? - help, Dir - move target, f - bullfrog
Aim: a bullfrog (empty space bonus: 8/8)
You feel a surge of power!
The air twists around and strikes the bullfrog!!
The bullfrog is almost dead.
The cane toad gives a loud, deep croak!
The bullfrog barely misses you. The bullfrog hits you.
You slash the bullfrog!
You kill the bullfrog!
You can now pass through a line of other dancers.
The cane toad stings you!
Casting: Airstrike (dangerous; 1% risk of failure)
Confirm with . or Enter, or press ? or * to list all spells.
You feel a surge of power! A chill wind blows around you.
The cane toad stings you!
You hit the cane toad.
The cane toad is lightly wounded.
Your +8 spectral broad axe hits the cane toad!
The cane toad stings you!!
Your ice beast hits the cane toad but does no damage.
The cane toad stings you!
* * * LOW HITPOINT WARNING * * *
You are too injured to fight recklessly!
You hit the cane toad.
The cane toad is heavily wounded.
Your +8 spectral broad axe hits the cane toad!
The cane toad stings you!!
* * * LOW HITPOINT WARNING * * *
Your ice beast barely misses the cane toad.
Your ice beast hits the cane toad but does no damage.
The cane toad stings you!
You die...

.....#P#.###P##.........#.....#..
.....##### ####.........#.#.....#
..... #............#.⌠.... .....
#................... .....
##...####+#..#...#.# .....
#.............#...## .....
##...#.......##+.##.
#P...##.#####......# ##.@.##.⌠.
#.#.###.# ......(FY# ...#.......#
.........# ......⌠...+ #####....#
..........# #..... .##....#...
#.....# ##.##.....## #..^...
........##. ........ ...#......#
#.......#


You could see a cane toad (ally target), a friendly ice beast (summoned) and a
friendly +8 spectral broad axe (summoned).

Vanquished Creatures
  An orc warlord (Bailey)
  Snorg (D:10)
  Fannar (D:10)
  A two-headed ogre (D:11)
  Erica (D:11)
  A cane toad (Lair:1)
  Joseph (D:7)
  A torpor snail (Lair:1)
  A gargoyle (D:11)
  A komodo dragon (Lair:1)
  An unseen horror (D:11)
  2 kobold demonologists
  A troll (D:9)
  4 blink frogs (Lair:1)
  A vampire (D:9)
  A wraith (D:11)
  2 shadows (D:11)
  2 wyverns
  15 yaks
  A steam dragon (D:6)
  Eustachio (D:6)
  6 water moccasins
  7 orc warriors
  2 ice beasts (D:6)
  A sky beast (D:8)
  3 black bears
  2 ogres
  6 centaurs
  A phantom (D:4)
  3 kobold brigands (D:10)
  5 bullfrogs
  A gnoll sergeant (D:10)
  Blork the orc (D:5)
  2 necrophages (D:5)
  3 scorpions
  5 killer bees (D:8)
  An electric eel (Lair:1)
  2 howler monkeys
  3 hounds
  3 jellies
  10 orc priests
  3 gnoll boudas
  3 iguanas
  8 orc wizards
  A nameless horror (Lair:1)
  7 adders
  31 gnolls
  A shadow imp (D:6)
  3 white imps
  3 ufetubi
  A worm (D:3)
  3 dart slugs
  30 orcs
  7 ball pythons
  4 endoplasms
  3 giant cockroaches
  11 goblins
  7 hobgoblins
  3 jackals (D:4)
  18 kobolds
  6 quokkas
  A bat (D:1)
  3 frilled lizards
  5 rats
270 creatures vanquished.

Vanquished Creatures (others)
  54 fungi
  57 plants
111 creatures vanquished.

Grand Total: 381 creatures vanquished

Notes
Turn   | Place    | Note
-------+----------+-------------------------------------------
     0 | D:1      | Flugkiller the Mummy Air Elementalist began the quest for
                  | the Orb.
     0 | D:1      | Reached XP level 1. HP: 13/13 MP: 4/4
   158 | D:1      | Reached skill level 1 in Conjurations
   332 | D:1      | Reached XP level 2. HP: 19/19 MP: 0/6
  1042 | D:2      | Found a faded altar of an unknown god.
  1121 | D:1      | Gained mutation: You are in touch with the powers of death.
                  | [Mummy growth]
  1121 | D:1      | Reached XP level 3. HP: 23/24 MP: 0/7
  1332 | D:1      | Reached skill level 3 in Air Magic
  1332 | D:1      | Reached XP level 4. HP: 20/30 MP: 2/9
  1833 | D:2      | Learned a level 2 spell: Static Discharge
  1837 | D:2      | Learned a level 3 spell: Swiftness
  2882 | D:3      | Reached XP level 5. HP: 35/35 MP: 1/11
  4071 | D:4      | Noticed an ogre
  4073 | D:4      | Noticed a phantom
  4081 | D:4      | Reached XP level 6. HP: 38/41 MP: 7/13
  4146 | D:4      | Reached skill level 5 in Spellcasting
  4392 | D:4      | Reached skill level 4 in Air Magic
  5003 | D:4      | Reached skill level 5 in Air Magic
  5003 | D:4      | Reached XP level 7. HP: 44/46 MP: 6/14
  5022 | D:5      | Entered Level 5 of the Dungeon
  5028 | D:5      | Noticed a yak
  5029 | D:5      | Noticed a yak
  5101 | D:5      | Learned a level 4 spell: Airstrike
  5103 | D:5      | Noticed Blork the orc
  5115 | D:5      | Killed Blork the orc
  5263 | D:5      | Reached skill level 6 in Air Magic
  5542 | D:5      | Noticed a yak
  5542 | D:5      | Noticed a yak
  5595 | D:5      | Found a basalt altar of Yredelemnul.
  5609 | D:5      | Found an ornate altar of the Wu Jian Council.
  5613 | D:5      | Noticed a yak
  5959 | D:5      | Reached skill level 7 in Air Magic
  5959 | D:5      | Reached XP level 8. HP: 45/52 MP: 9/15
  6001 | D:5      | Found a staircase to the Ecumenical Temple.
  6338 | D:5      | Reached skill level 8 in Air Magic
  6420 | D:5      | Reached skill level 9 in Air Magic
  6802 | Temple   | Entered the Ecumenical Temple
  6901 | Temple   | Became a worshipper of Uskayaw the Reveller
  6993 | D:5      | Found a bloodstained altar of Trog.
  7000 | D:5      | Reached * piety under Uskayaw
  7173 | D:6      | Reached ** piety under Uskayaw
  7200 | D:6      | Reached *** piety under Uskayaw
  7201 | D:6      | Reached XP level 9. HP: 57/57 MP: 10/16
  7256 | D:6      | Noticed Eustachio
  7283 | D:6      | Killed Eustachio
  7791 | D:6      | Reached skill level 10 in Air Magic
  7820 | D:6      | Reached **** piety under Uskayaw
  7823 | D:6      | Reached ***** piety under Uskayaw
  8020 | D:6      | Found a stormy altar of Qazlal.
  8020 | D:6      | Found a faded altar of an unknown god.
  8027 | D:6      | Found a shimmering blue altar of Sif Muna.
  8029 | D:6      | Found a faded altar of an unknown god.
  8031 | D:6      | Found a sacrificial altar of Ru.
  8288 | D:6      | Found a radiant altar of Vehumet.
  8696 | D:7      | Noticed Joseph
  8700 | D:7      | Killed Joseph
  8701 | D:7      | Reached skill level 1 in Fighting
  8701 | D:7      | Reached skill level 1 in Evocations
  8907 | D:7      | Identified the +9 trident of Visoutos {freeze, rPois rCorr}
  9316 | D:7      | Found Qonich's Distillery.
 10366 | D:8      | Reached XP level 10. HP: 70/70 MP: 10/19
 10759 | D:8      | Identified the +0 ring mail "Mustar" {rN+ Will+ Int+4}
 10848 | D:8      | Found an opulent altar of Gozag.
 11268 | D:9      | Found a flagged portal.
 11305 | Bailey   | Entered a bailey
 11317 | Bailey   | Noticed an orc warlord
 11853 | Bailey   | Learned a level 4 spell: Summon Ice Beast
 11878 | Bailey   | Found a runed translucent gate.
 11892 | Bailey   | Found a runed translucent gate.
 11893 | Bailey   | Found a runed translucent gate.
 12042 | Bailey   | Killed an orc warlord
 12043 | Bailey   | Reached skill level 1 in Ice Magic
 12350 | D:9      | Found a snail-covered altar of Cheibriados.
 12359 | D:9      | Found a burning altar of Makhleb.
 12531 | D:9      | Found a staircase to the Orcish Mines.
 12735 | D:10     | Entered Level 10 of the Dungeon
 12844 | D:10     | Reached skill level 1 in Axes
 12948 | D:10     | Noticed Fannar
 12982 | D:10     | Killed Fannar
 13300 | D:10     | Noticed Snorg
 13401 | D:10     | HP: 3/71 [Snorg (5)]
 13739 | D:10     | Found a hazy altar of Hepliaklqana.
 13764 | D:10     | Reached XP level 11. HP: 73/77 MP: 10/23
 13991 | D:10     | Identified the +0 helmet of Benevolence {Regen+}
 14043 | D:10     | Killed Snorg
 14496 | D:11     | Noticed a sixfirhy
 14619 | D:11     | HP: 3/77 [/static electricity (2)]
 14697 | D:11     | Noticed a two-headed ogre
 14699 | D:11     | Noticed a deep troll
 14705 | D:11     | Found a bloodstained altar of Trog.
 14712 | D:11     | Found a transporter.
 14715 | D:11     | Found a transporter.
 14760 | D:11     | Noticed Erica
 14805 | D:11     | Noticed kagamino's ghost (journeyman HOFi)
 14979 | D:11     | Found a staircase to the Lair.
 14997 | D:11     | Reached skill level 5 in Summonings
 15186 | D:11     | Killed Erica
 15343 | D:11     | Noticed a two-headed ogre
 15354 | D:11     | Killed a two-headed ogre
 15530 | D:11     | Noticed a boulder beetle
 16086 | Lair:1   | Entered Level 1 of the Lair of Beasts
 16142 | Lair:1   | Identified the +1 robe of Going Fast {rPois rF++ Int-5
                  | SInv}
 16653 | Lair:1   | Noticed an oklob plant
 16653 | Lair:1   | Noticed an oklob plant
 16796 | Lair:1   | HP: 1/77 [cane toad (21)]
 16796 | Lair:1   | Mangled by a cane toad

Illustrated notes

Levels and vault maps discovered:
D:1:      ebering_hopf_link, layout_basic, kennysheep_boxes
D:2:      layout_basic, dreamdust_ecumenical_altar_grove,
          minmay_misc_feat_encased
D:3:      layout_basic
D:4:      layout_cave_pools
D:5:      layout_loops_ring, good_gods_mini_temple, trog_hazing_becter,
          mainiacjoe_overflow_concentric_impassable,
          mainiacjoe_overflow_alcove_4, minmay_temple_entry_crystal_x,
          nrook_pool_corridor, nrook_mini_vaults, saegor_snake_ambush,
          uniq_blork_the_orc
D:6:      layout_basic, vehumet_altar_wand_db,
          chequers_temple_overflow_minitemple, uniq_eustachio
D:7:      nicolae_cairo_tiling_very_big, layout_basic, serial_shops,
          nicolae_lakefront_shop, uniq_joseph
D:8:      layout_basic, marbit_many_paths
D:9:      layout_gridville, bloody_makhleb, kennysheep_slug_shrine,
          enter_bailey_3, nicolae_eternal_life
D:10:     layout_rooms, overflow_temple_1_default, billiards_dpeg, uniq_fannar,
          uniq_snorg
D:11:     layout_basic, due_lair_maze_entry_diamond,
          gammafunk_ghost_wrathful_warriors, dreamdust_mushroom_princess,
          uniq_erica
Temple:   nicolae_temple_bog_church
Lair:1:   minmay_lair_oklob_chamber, layout_chaotic_city, fungi_pond_lemuel,
          minivault_11, infiniplex_staircase_pool_2, grunt_megastairs_1,
          serial_bayou_shore_b

Skill      XL: |  1  2  3  4  5  6  7  8  9 10 11 |
---------------+----------------------------------+-----
Conjurations   | 1 2 3 |  3.0
Spellcasting   | 3 4 5 6 8 9 |  9.5
Air Magic      | 3 5 7 9 10 | 10.5
Fighting       | 3 4 |  4.0
Evocations     | 2 4 |  4.6
Dodging        | 3 4 |  4.6
Summonings     | 3 6 |  6.2
Ice Magic      | 2 4 |  4.2
Axes           | 1 |  1.1
Stealth        | |  1.5

Action                   |  1- 3 |  4- 6 |  7- 9 | 10-12 || total
-------------------------+-------+-------+-------+-------++-------
Melee: Unarmed           |     5 |       |       |       ||     5
       Dagger            |       |     7 |    13 |       ||    20
       Rapier            |       |       |    18 |    38 ||    56
       Broad axe         |       |       |       |    91 ||    91
       Punch             |       |       |       |     1 ||     1
 Cast: Shock             |    73 |   190 |   236 |   145 ||   644
       Swiftness         |       |     2 |     1 |       ||     3
       Static Discharge  |       |     3 |    14 |     5 ||    22
       Airstrike         |       |       |    22 |   116 ||   138
       Summon Ice Beast  |       |       |       |     8 ||     8
Evoke: Wand              |       |       |       |    10 ||    10
  Use: Scroll            |       |     5 |     1 |    16 ||    22
 Stab: Paralysed         |       |       |     2 |     8 ||    10
       Sleeping          |       |       |       |     1 ||     1
Armor: Robe              |     2 |     4 |    20 |    53 ||    79
Dodge: Dodged            |    20 |    36 |    48 |   105 ||   209

Table legend: (Time is in decaauts)
 A = Elapsed time spent in this place.
 B = Non-inter-level travel time spent in this place.
 C = Inter-level travel time spent in this place.
 D = Time resting spent in this place.
 E = Time spent auto-exploring this place.
 F = Levels seen in this place.
 G = Mean time per level.
                   A        B        C        D        E       F      G
               +--------+--------+--------+--------+--------+-----+--------+
         Total |  16861 |  16292 |    569 |   5580 |   7444 |  14 | 1204.4 |
       Dungeon |  15115 |  14562 |    553 |   5008 |   6782 |  11 | 1374.1 |
        Temple |    175 |    159 |     16 |      0 |    144 |   1 |  175.0 |
          Lair |    724 |    724 |      0 |    259 |    328 |   1 |  724.0 |
        Bailey |    846 |    846 |      0 |    313 |    190 |   1 |  846.0 |
               +--------+--------+--------+--------+--------+-----+--------+

Top non-repeatable levels by time:
     D:5: 1714 daAuts
    D:11: 1670 daAuts
     D:2: 1650 daAuts
     D:6: 1485 daAuts
     D:8: 1348 daAuts
     D:3: 1299 daAuts
    D:10: 1286 daAuts
     D:1: 1254 daAuts
     D:9: 1229 daAuts
     D:7: 1107 daAuts
     D:4: 1068 daAuts
  Bailey: 846 daAuts
  Lair:1: 724 daAuts
  Temple: 175 daAuts
